 Dungeon Crawl Stone Soup version 0.29.0-11-gd7f09526c8 (webtiles) character file.

Game seed: 11854498507177984704

58 pacmanke6689 the Grave Robber (level 4, 0/32 HPs)
             Began as a Human Necromancer on Sept 5, 2022.
             Slain by a hobgoblin (2 damage)
             ... on level 3 of the Dungeon.
             The game lasted 00:05:51 (2150 turns).

pacmanke6689 the Grave Robber (Human Necromancer)   Turns: 2150, Time: 00:05:52

Health: 0/32       AC:  2    Str:  8    XL:     4   Next: 21%
Magic:  6/7        EV: 12    Int: 17    God:
Gold:   31         SH:  0    Dex: 14    Spells: 6/7 levels left

rFire   . . .      SeeInvis .   d - +0 dagger
rCold   . . .      Faith    .   (no shield)
rNeg    . . .      Spirit   .   a - +0 robe
rPois   .          Reflect  .   (no helmet)
rElec   .          Harm     .   (no cloak)
rCorr   .          Rampage  .   (no gloves)
Will    .....                   (no boots)
Stlth   ++........              (no amulet)
HPRegen 0.10/turn               (no ring)
MPRegen 0.10/turn               (no ring)

@: no status effects
A: no striking features
a: no special abilities


You were on level 3 of the Dungeon.
You visited 1 branch of the dungeon, and saw 3 of its levels.

You collected 59 gold pieces.
You spent 28 gold pieces at shops.

Inventory:

Hand Weapons
 d - a +0 dagger (weapon)
Missiles
 f - a throwing net
Armour
 a - a +0 robe (worn)
Jewellery
 m - a ring of resist corrosion
Scrolls
 c - a scroll of noise {unknown}
 h - 2 scrolls of teleportation
 i - a scroll of acquirement {unknown}
 j - a scroll of enchant weapon {unknown}
 n - a scroll of brand weapon {unknown}
Potions
 e - a potion of haste {unknown}
 g - a potion of lignification {unknown}
 k - a potion of heal wounds {unknown}
 l - a potion of berserk rage {unknown}
 o - a potion of curing {unknown}
 p - a potion of flight {unknown}


   Skills:
 + Level 1.2 Fighting
 + Level 0.1 Short Blades
 + Level 2.1 Dodging
 + Level 2.0 Stealth
 + Level 0.5 Unarmed Combat
 + Level 2.2 Spellcasting
 + Level 4.8 Necromancy


You had 6 spell levels left.
You knew the following spells:

 Your Spells              Type           Power      Damage    Failure   Level
a - Necrotise             Necr           72%        1d7       2%          1

Your spell library contained the following spells:

 Spells                   Type           Power      Damage    Failure   Level
 Vampiric Draining        Necr           18%        2d7       8%          3
 Animate Dead             Necr           18%        N/A       26%         4
 Agony                    Necr           18%        N/A       56%         5


Dungeon Overview and Level Annotations

Branches:
Dungeon (3/15)

Altars:

Shops:
D:2 *

Annotations:
D:3 Jessica


Message History

Unknown command.
The adder attacks as you move away! The adder bites you.
* * * LOW HITPOINT WARNING * * *
You feel sick. The jackal bites your jackal skeleton.
Your jackal skeleton barely misses the jackal.
Your jackal skeleton bites the jackal but does no damage.
The jackal misses you. The jackal bites your jackal skeleton.
Magic courses through your body.
You feel sick.
Your jackal skeleton bites the jackal.
Your jackal skeleton misses the jackal.
The adder closely misses you. The jackal bites you.
* * * LOW HITPOINT WARNING * * *
The jackal bites your jackal skeleton.
Jessica the Apprentice Sorceress comes into view.
She is wielding a +0 spear and wearing a +2 robe of willpower.
Your jackal skeleton bites the jackal but does no damage.
Unknown command.
Aiming: Necrotise (safe; 2% risk of failure)
Press: ? - help, Q - select action, (/) - cycle Shift-Dir - straight line, f/p - adder
Aim: an adder (severely wounded, chance to affect: 83%)
The adder writhes in agony!
You kill the adder!
The dead are slithering!
You feel sick.
You are no longer poisoned.
Your jackal skeleton bites the jackal.
The jackal bites your jackal skeleton.
Your jackal skeleton is destroyed!
The jackal bites you.
* * * LOW HITPOINT WARNING * * *
Your jackal skeleton bites the jackal.
The jackal barely misses you.
Jessica casts a spell.
Jessica blinks!
Your Fighting skill increases to level 1!
Aiming: Necrotise (safe; 2% risk of failure)
Press: ? - help, Q - select action, (/) - cycle Shift-Dir - straight line, f - jackal
Aim: a jackal (ally target, chance to affect: 88%)
The jackal writhes in agony.
You kill the jackal!
The dead are walking!
The jackal barely misses you.
Your jackal skeleton closely misses the hobgoblin.
Your adder skeleton bites the jackal but does no damage.
The hobgoblin hits you.
You die...

###. # .... .#
).... .# .....#
#.#
......###ยง.#
.......#...#
...>....@Z.#
.......ghZ.#
#...@.Z........
#...............
...............#
#..............#
...............#
.######.######..
#.#


You could see Jessica, a jackal (ally target), a hobgoblin, a friendly adder
skeleton and 2 friendly jackal skeletons.

Vanquished Creatures
  3 adders
  A worm (D:2)
  A bat (D:2)
  3 endoplasms (D:1)
  3 giant cockroaches
  2 hobgoblins
  3 jackals (D:3)
  A quokka (D:2)
  2 ball pythons
  A frilled lizard (D:1)
  A goblin (D:1)
  3 kobolds
  4 rats
28 creatures vanquished.

Vanquished Creatures (collateral kills)
  A dart slug (D:2)
1 creature vanquished.

Vanquished Creatures (others)
  A fungus (D:2)
  2 plants (D:2)
3 creatures vanquished.

Grand Total: 32 creatures vanquished

Notes
Turn   | Place    | Note
-------+----------+-------------------------------------------
     0 | D:1      | pacmanke6689 the Human Necromancer began the quest for the
                  | Orb.
     0 | D:1      | Reached XP level 1. HP: 13/13 MP: 3/3
   680 | D:1      | Reached XP level 2. HP: 19/19 MP: 0/5
  1685 | D:2      | Found a faded altar of an unknown god.
  1721 | D:2      | Reached XP level 3. HP: 24/24 MP: 4/6
  1863 | D:2      | Found Leffycekk's General Store.
  1922 | D:2      | Bought a scroll of identify for 28 gold pieces
  2144 | D:3      | Reached XP level 4. HP: 18/31 MP: 2/7
  2148 | D:3      | Noticed Jessica
  2149 | D:3      | HP: 1/31 [jackal (2)]
  2150 | D:3      | Reached skill level 1 in Fighting
  2150 | D:3      | Slain by a hobgoblin

Illustrated notes

Levels and vault maps discovered:
D:1:      elethiomel_arrival_maze, layout_loops_ring, minmay_misc_feat_alley
D:2:      layout_basic, serial_shops, shop,
          shapermc_ecumenical_altar_mp_urbaneastern, minmay_pentomino_v2
D:3:      layout_rooms, nicolae_dithmenos_the_darkroom, serial_shops,
          nicolae_shop_advertising_works [nicolae_subvault_shop_adworks],
          serial_bayou_pond_a, uniq_jessica

Skill      XL: |  1  2  3  4 |
---------------+-------------+-----
Fighting       | 1 |  1.2
Short Blades   | |  0.1
Dodging        | |  2.1
Stealth        | |  2.0
Unarmed Combat | |  0.5
Spellcasting   | |  2.2
Necromancy     | |  4.8

Action                   |  1- 3 |  4- 6 || total
-------------------------+-------+-------++-------
Melee: Unarmed           |    15 |       ||    15
       Dagger            |    19 |     1 ||    20
 Cast: Necrotise         |    49 |     4 ||    53
  Use: Scroll            |     1 |       ||     1
       Potion            |       |     1 ||     1
Armor: Robe              |     9 |     2 ||    11
Dodge: Dodged            |    26 |    11 ||    37
